 Dungeon Crawl Stone Soup version 0.29.0-13-gc9e81de378 (webtiles) character file.

Game seed: 14756824225663584179

23513 gebbletook2 the Fighter (level 12, -8/98 HPs)
             Began as a Mummy Fighter on Sept 10, 2022.
             Was an Initiate of Gozag.
             Mangled by a slime creature (10 damage)
             ... on level 12 of the Dungeon.
             The game lasted 00:28:09 (19879 turns).

gebbletook2 the Fighter (Mummy Fighter)            Turns: 19879, Time: 00:28:10

Health: -8/98      AC: 35    Str: 26    XL:     12   Next: 72%
Magic:  12/12      EV: 10    Int: 10    God:    Gozag
Gold:   2854       SH: 10    Dex: 13    Spells: 11/11 levels left

rFire   x . .      SeeInvis +   a - +2 war axe (protect)
rCold   + . .      Faith    .   u - +0 buckler of Tiworier {Str+3 SInv}
rNeg    + + +      Spirit   .   g - +0 crystal plate armour of Sunlight {Int+3 SInv}
rPois   ∞          Reflect  +   b - +2 hat
rElec   .          Harm     .   j - +0 cloak
rCorr   .          Rampage  .   d - +0 pair of gloves
Will    +....                   (no boots)
Stlth   ..........              n - amulet of reflection
HPRegen 0.26/turn               o - +4 ring of evasion
MPRegen 0.13/turn               r - +4 ring of protection

@: gold aura, under a protective aura
A: cold resistance 1, negative energy resistance 3, torment resistance 2, heat
vulnerability 1, in touch with death 1, no potions
a: Renounce Religion, Potion Petition, Call Merchant, Bribe Branch


You were on level 12 of the Dungeon.
You worshipped Gozag.
Gozag was most pleased with you.
You visited 4 branches of the dungeon, and saw 18 of its levels.
You also visited: Sewer and Ossuary.

You collected 2967 gold pieces.
You paid 113 gold pieces to Gozag.

Inventory:

Hand Weapons
 a - a +2 war axe of protection (weapon)
 y - a +2 whip of venom
Missiles
 c - 2 boomerangs of dispersal
 e - 46 poisoned darts (quivered)
 k - 5 curare-tipped darts
 m - 11 boomerangs
 z - 3 atropa-tipped darts
Armour
 b - a +2 hat (worn)
 d - a +0 pair of gloves (worn)
 g - the +0 crystal plate armour of Sunlight (worn) {Int+3 SInv}
   (You found it on level 4 of the Dungeon)

   Int:       It affects your intelligence (+3).
   SInv:      It lets you see invisible.
 j - a +0 cloak (worn)
 u - the +0 buckler of Tiworier (worn) {Str+3 SInv}
   (You found it on level 7 of the Dungeon)

   Str:       It affects your strength (+3).
   SInv:      It lets you see invisible.
Jewellery
 n - an amulet of reflection (around neck)
 o - a +4 ring of evasion (left hand)
 p - a +6 ring of strength
 r - a +4 ring of protection (right hand)
Wands
 t - a wand of charming (11)
 A - a wand of iceblast (1)
Scrolls
 h - 2 scrolls of enchant armour
 i - 8 scrolls of teleportation
 l - 3 scrolls of magic mapping
 q - 3 scrolls of butterflies
 s - 2 scrolls of poison
 v - a scroll of immolation
 x - 4 scrolls of blinking
 B - a scroll of torment {unknown}


   Skills:
 * Level 10.4 Fighting
 + Level 9.1 Axes
 - Level 4.0 Throwing
 * Level 9.0 Armour
 * Level 5.7 Dodging
 + Level 6.2 Shields
 * Level 5.2 Evocations


You had 11 spell levels left.
You didn't know any spells.
Your spell library contained the following spells:

 Spells                   Type           Power      Damage    Failure   Level
 Sandblast                Erth           0%         2d4       100%        1
 Blink                    Tloc           0%         N/A       100%        2
 Passwall                 Tmut/Erth      0%         N/A       100%        2
 Dazzling Flash           Conj/Hex       0%         N/A       100%        3
 Gell's Gravitas          Tloc           0%         N/A       100%        3
 Inner Flame              Hex/Fire       0%         N/A       100%        3
 Lesser Beckoning         Tloc           0%         N/A       100%        3
 Stone Arrow              Conj/Erth      0%         3d7       100%        3
 Teleport Other           Tloc           0%         N/A       100%        3
 Cause Fear               Hex            0%         N/A       100%        4
 Dispel Undead            Necr           0%         3d6       100%        4
 Flame Wave               Conj/Fire      0%         2d4       100%        4
 Iskenderun's Mystic Bla  Conj/Tloc      0%         2d3       100%        4
 Manifold Assault         Tloc           0%         N/A       100%        5
 Dispersal                Tloc           0%         N/A       100%        6
 Starburst                Conj/Fire      0%         6d3       100%        6
 Discord                  Hex            0%         N/A       100%        8
 Fire Storm               Conj/Fire      0%         5d1       100%        9
 Storm Form               Tmut/Air       Unusable   N/A       N/A         7

Dungeon Overview and Level Annotations

Branches:
Dungeon (13/15)            Temple (1/1) D:6            Lair (2/5) D:10
    Orc (2/2) D:9             Elf (0/3) Orc:2         Sewer (visited)
Ossuary (visited)
  Swamp: Lair:2-3    Shoals: Lair:2-3     Snake: Lair:2-3    Spider: Lair:2-3
 Vaults: D:13-14

Altars:
Ashenzari
Cheibriados
Dithmenos
Fedhas
Gozag
Hepliaklqana
Kikubaaqudgha
Makhleb
Nemelex Xobeh
Okawaru
Qazlal
Ru
Sif Muna
Trog
Uskayaw
Vehumet
Wu Jian
Xom
Yredelemnul

Annotations:
D:8 exclusions: oklob plant and oklob sapling
D:12 2 runed translucent doors, RascalDebosk's ghost, journeyman MiBe


Innate Abilities, Weirdness & Mutations

You are immune to poison.
Your flesh is cold resistant. (rC+)
You are immune to negative energy. (rN+++)
You are immune to unholy pain and torment.
You are vulnerable to heat. (rF-)
You are in touch with the powers of death.
You do not drink.


Message History

You slash the large slime creature!
The large slime creature is heavily wounded.
You slash the large slime creature! You slash the slime creature!
The large slime creature hits you but does no damage.
The large slime creature hits you!!
* * * LOW HITPOINT WARNING * * *
You block the slime creature's attack.
You slash the large slime creature!
The large slime creature is heavily wounded.
You slash the large slime creature! You slash the slime creature!
A large slime creature splits. x2
The slime creature hits you but does no damage.
Unknown command.
You barely miss the slime creature.
The slime creature is heavily wounded.
You barely miss the slime creature. You hit the slime creature. x2
You slice the slime creature!! You block the slime creature's attack.
The slime creature barely misses you.
The slime creature hits you but does no damage.
You block the slime creature's attack. The slime creature hits you.
* * * LOW HITPOINT WARNING * * *
You slash the slime creature!
The slime creature is severely wounded.
You slash the slime creature! You hit the slime creature.
You slash the slime creature! You hit the slime creature.
The slime creature hits you.
* * * LOW HITPOINT WARNING * * *
The slime creature hits you!
* * * LOW HITPOINT WARNING * * *
The slime creature barely misses you.
You block the slime creature's attack. x2
The slime creature hits you but does no damage. x3
You slash the slime creature!
The slime creature is severely wounded.
You hit the slime creature. You slash the slime creature!
You kill the slime creature!
You hit the slime creature. x2; You block the slime creature's attack.
The slime creature closely misses you. You block the slime creature's attack.
The slime creature hits you!
You die...
Your body crumbles into a pile of gold.

.......).##............##
#.###.
.......).###............
....>.
########...............(
.....##.
##....#.##.....##......##.
#...#...##.............#
##..................
##.......#...........
###...#.##.#J$.........
###...#.#.##..J@.........
##...##..#J##..JJ.........
...###..........<.........
.####....#.##.............
.#.....##....$##..........
#..#.####..######.....#...
..##.###..## ##..######
##...##..## #.# #...##..#
.#


You could see 4 slime creatures.

Vanquished Creatures
  The ghost of Strat the Fighter, a journeyman MeEE of Gozag (Lair:2)
  3 hydras (Lair:1)
  Erolcha (D:9)
  4 two-headed ogres
  A centaur warrior (D:11)
  Pikel (D:5)
  An orc knight (D:9)
  A manticore (D:11)
  2 cyclopes (D:11)
  3 black mambas
  Maurice (D:9)
  A gargoyle (D:10)
  A torpor snail (Lair:1)
  A komodo dragon (D:10)
  2 kobold demonologists
  A cane toad (Lair:2)
  5 trolls
  The ghost of Arex the Ducker, an amateur OpFi (D:3)
  Prince Ribbit (D:9)
  2 slime creatures (D:12)
  5 blink frogs (Lair:2)
  A vampire (D:10)
  3 wyverns
  A basilisk (Lair:2)
  13 yaks
  Menkaure (Ossuary)
  10 vampire mosquitoes
  3 wargs
  An acid dragon (D:10)
  4 water moccasins
  10 orc warriors
  2 sky beasts (D:6)
  A black bear (D:6)
  6 ogres
  3 wolves (Lair:1)
  8 centaurs
  3 lemures (D:5)
  6 kobold brigands
  3 bullfrogs (Lair:1)
  A gnoll sergeant (D:10)
  2 scorpions
  9 wights
  A howler monkey (D:7)
  4 hounds
  2 jellies
  6 orc priests
  A gnoll bouda (D:7)
  4 iguanas
  14 orc wizards
  4 mummies
  13 gnolls
  14 adders
  3 river rats (Sewer)
  3 shadow imps
  2 white imps
  2 ufetubi
  6 worms
  3 dart slugs
  50 orcs
  18 ball pythons
  3 bats
  15 endoplasms
  A giant cockroach (D:3)
  6 goblins
  5 hobgoblins
  4 jackals (D:1)
  9 quokkas
  3 frilled lizards (D:1)
  4 gnoll skeletons (Ossuary)
  7 gnoll zombies (Ossuary)
  3 goblin skeletons (Ossuary)
  4 goblin zombies
  5 hobgoblin skeletons (Ossuary)
  8 hobgoblin zombies
  18 kobolds
  5 kobold skeletons (Ossuary)
  2 kobold zombies (Ossuary)
  3 orc skeletons (Ossuary)
  2 orc zombies (Ossuary)
  13 rats
  5 rat skeletons (Ossuary)
  4 rat zombies (Ossuary)
409 creatures vanquished.

Vanquished Creatures (others)
  20 fungi
  20 plants
40 creatures vanquished.

Grand Total: 449 creatures vanquished

Notes
Turn   | Place    | Note
-------+----------+-------------------------------------------
     0 | D:1      | gebbletook2 the Mummy Fighter began the quest for the Orb.
     0 | D:1      | Reached XP level 1. HP: 18/18 MP: 1/1
   181 | D:1      | Reached XP level 2. HP: 17/24 MP: 2/2
   800 | D:1      | Gained mutation: You are in touch with the powers of death.
                  | [Mummy growth]
   800 | D:1      | Reached XP level 3. HP: 30/30 MP: 3/3
  1120 | D:2      | Reached skill level 4 in Fighting
  1774 | D:3      | Found a faded altar of an unknown god.
  2014 | D:3      | Reached XP level 4. HP: 34/38 MP: 4/4
  2129 | D:3      | Found a transporter.
  2132 | D:3      | Found a transporter.
  2132 | D:3      | Noticed Arex's ghost (amateur OpFi)
  2133 | D:3      | Identified the +1 great mace of Qysaem {chaos, rElec Str+3}
  2133 | D:3      | Noticed an ogre
  2272 | D:3      | Found a glowing drain.
  2282 | Sewer    | Entered a sewer
  2580 | Sewer    | Noticed a kobold brigand
  2614 | Sewer    | Killed a kobold brigand
  2615 | Sewer    | Reached skill level 5 in Fighting
  2615 | Sewer    | Reached XP level 5. HP: 24/44 MP: 5/5
  2901 | Sewer    | Reached XP level 6. HP: 43/52 MP: 6/6
  3041 | Sewer    | Reached skill level 6 in Fighting
  4087 | D:3      | Identified a scroll of acquirement
  4088 | D:3      | Acquired a +2 hat
  4221 | D:4      | Identified the +0 crystal plate armour of Sunlight {Int+3
                  | SInv}
  4571 | D:4      | Reached XP level 7. HP: 57/59 MP: 7/7
  4743 | D:4      | Found a bloodstained altar of Trog.
  4932 | D:5      | Entered Level 5 of the Dungeon
  5021 | D:5      | Reached skill level 1 in Throwing
  5021 | D:5      | Reached skill level 1 in Dodging
  5642 | D:5      | Noticed Pikel
  5673 | D:5      | Killed Pikel
  5674 | D:5      | Reached skill level 7 in Fighting
  5674 | D:5      | Reached skill level 5 in Armour
  5674 | D:5      | Reached XP level 8. HP: 41/67 MP: 8/8
  6107 | D:6      | Found a staircase to the Ecumenical Temple.
  6111 | Temple   | Entered the Ecumenical Temple
  6285 | Temple   | Became a worshipper of Gozag Ym Sagoz the Greedy
  6588 | D:6      | Reached XP level 9. HP: 61/72 MP: 9/9
  6818 | D:6      | Found a stormy altar of Qazlal.
  6833 | D:6      | Found a shimmering blue altar of Sif Muna.
  6919 | D:6      | Found a hazy altar of Hepliaklqana.
  7216 | D:6      | Found a hide-covered altar of Uskayaw.
  7347 | D:7      | Identified the +0 buckler of Tiworier {Str+3 SInv}
  7471 | D:7      | Found a sand-covered staircase.
  7475 | D:7      | Reached skill level 5 in Axes
  7479 | Ossuary  | Entered an ossuary
  7946 | Ossuary  | Noticed Menkaure
  7964 | Ossuary  | Killed Menkaure
  8507 | D:7      | Reached skill level 8 in Fighting
  8695 | D:7      | Got the Secrets of Conflagrant Stolen Souls
  9252 | D:8      | Found a shadowy altar of Dithmenos.
  9314 | D:8      | Reached skill level 1 in Evocations
  9722 | D:8      | Noticed an oklob plant
  9788 | D:9      | Noticed Maurice
  9842 | D:9      | Killed Maurice
  9843 | D:9      | Reached XP level 10. HP: 58/80 MP: 10/10
  9978 | D:9      | Noticed a smoke demon
 10058 | D:9      | Noticed a two-headed ogre
 10089 | D:9      | Killed a two-headed ogre
 10186 | D:9      | Found a radiant altar of Vehumet.
 10518 | D:9      | Noticed Erolcha
 10519 | D:9      | Found a staircase to the Orcish Mines.
 10963 | D:9      | Killed Erolcha
 11504 | D:9      | Noticed Prince Ribbit
 11521 | D:9      | Killed Prince Ribbit
 11960 | D:10     | Entered Level 10 of the Dungeon
 11984 | D:10     | Noticed a two-headed ogre
 11996 | D:10     | Killed a two-headed ogre
 12214 | D:10     | You fall into a shaft and drop 3 floors!
 12228 | D:11     | Noticed a manticore
 12241 | D:11     | Killed a manticore
 12374 | D:11     | Noticed a cyclops
 12381 | D:11     | Killed a cyclops
 12382 | D:11     | Reached XP level 11. HP: 82/87 MP: 11/11
 12446 | D:11     | Reached skill level 9 in Fighting
 12904 | D:11     | Noticed a centaur warrior
 12917 | D:11     | Killed a centaur warrior
 12918 | D:11     | Reached skill level 5 in Shields
 13016 | D:11     | Noticed a two-headed ogre
 13039 | D:11     | Killed a two-headed ogre
 13898 | D:10     | Found a staircase to the Lair.
 14424 | D:10     | Noticed a two-headed ogre
 14434 | D:10     | Killed a two-headed ogre
 14753 | Orc:1    | Entered Level 1 of the Orcish Mines
 14753 | Orc:1    | Noticed an orc knight
 14786 | D:9      | Killed an orc knight
 15570 | Orc:2    | Entered Level 2 of the Orcish Mines
 15570 | Orc:2    | Noticed an orc warlord
 15570 | Orc:2    | Found a staircase to the Elven Halls.
 15584 | Orc:1    | Reached XP level 12. HP: 36/97 MP: 12/12
 15588 | Orc:1    | Reached skill level 5 in Dodging
 16103 | Lair:1   | Entered Level 1 of the Lair of Beasts
 16400 | Lair:1   | Noticed a seven-headed hydra
 16424 | Lair:1   | HP: 4/97 [seven-headed hydra (2)]
 16425 | Lair:1   | Killed a seven-headed hydra
 17202 | Lair:1   | Noticed an eight-headed hydra
 17217 | Lair:1   | Killed an eight-headed hydra
 17218 | Lair:1   | Reached skill level 10 in Fighting
 17870 | Lair:1   | Noticed a seven-headed hydra
 17896 | Lair:1   | Killed a seven-headed hydra
 18444 | Lair:2   | Noticed Strat's ghost (journeyman MeEE)
 18453 | Lair:2   | Found a runed translucent door.
 18529 | Lair:2   | Killed Strat's ghost
 18530 | Lair:2   | Reached skill level 5 in Evocations
 18820 | D:3      | Killed Arex's ghost
 19650 | D:12     | Found a runed translucent door.
 19655 | D:12     | Found a runed translucent door.
 19662 | D:12     | Noticed a lich
 19662 | D:12     | Noticed a tengu reaver
 19662 | D:12     | Noticed RascalDebosk's ghost (journeyman MiBe)
 19673 | D:12     | Noticed a spark wasp
 19673 | D:12     | a goliath frog changed into a spark wasp
 19674 | D:12     | Noticed a bunyip
 19674 | D:12     | a spark wasp changed into a bunyip
 19785 | D:12     | Noticed a quicksilver dragon
 19786 | D:12     | Noticed an alligator snapping turtle
 19786 | D:12     | a quicksilver dragon changed into an alligator snapping
                  | turtle
 19878 | D:12     | HP: 2/98 [slime creature (12)]
 19879 | D:12     | Mangled by a slime creature

Illustrated notes

Levels and vault maps discovered:
D:1:      dpeg_arrival_prison, layout_basic
D:2:      layout_loops_ring, grunt_decor_junction, minmay_misc_feat_roman,
          supply_closet_lemuel
D:3:      layout_basic, shapermc_ecumenical_altar_ellora, gammafunk_ghost_smash,
          gup_sewer_entry_bubbles
D:4:      layout_loops_cross, mainiacjoe_overflow_chevrons, lemuel_crystal_altar
D:5:      layout_loops_ring, uniq_pikel
D:6:      layout_rooms, mainiacjoe_overflow_swirl, marbit_many_paths,
          mainiacjoe_overflow_alcove_1, minmay_temple_entry_grid
D:7:      layout_rooms, nicolae_ossuary_entry_giza
D:8:      layout_rooms, mainiacjoe_overflow_boulevard, introduction_to_nature_2
D:9:      layout_basic, nicolae_tso_swordbearing_angel, vehumet_crystals,
          david_orc_2, mumra_transporter_accident, uniq_maurice, uniq_erolcha,
          uniq_prince_ribbit1
D:10:     layout_gridville, david_lair_shrubbed, minmay_misc_feat_doors
D:11:     layout_long_grid
D:12:     layout_rooms, muffindrake_ghost_dual_entry
D:13:     layout_roguey, lightli_vaults_fourway_checkpoint, serial_shops,
          nicolae_shop_bloodbath_and_beyond, uniq_kirke, uniq_frances
Temple:   nicolae_temple_ecumenical_triangle
Lair:1:   hellmonk_ruined_rings, layout_gridlike
Lair:2:   layout_cave_pods, hellmonk_ghost_happy_afterlife
Orc:1:    layout_diamond_mine
Orc:2:    kennysheep_orc_mage_school, layout_caves, basic_altar

Skill      XL: |  1  2  3  4  5  6  7  8  9 10 11 12 |
---------------+-------------------------------------+-----
Fighting       | 4 5 6 7 8 9 10 | 10.4
Armour         | 3 4 5 6 7 8 9 |  9.0
Axes           | 3 4 5 7 8 9 |  9.1
Throwing       | 2 3 4 |  4.0
Dodging        | 2 3 4 5 |  5.7
Shields        | 3 4 5 6 |  6.2
Evocations     | 1 3 4 5 |  5.2

Action                   |  1- 3 |  4- 6 |  7- 9 | 10-12 || total
-------------------------+-------+-------+-------+-------++-------
Melee: War axe           |   123 |   238 |   615 |   630 ||  1606
       Whip              |       |       |       |    39 ||    39
Throw: Boomerang         |       |       |    17 |       ||    17
       Dart              |       |       |       |    57 ||    57
Evoke: Wand              |       |       |       |     6 ||     6
  Use: Scroll            |     4 |     4 |     4 |     6 ||    18
 Stab: Distracted        |       |       |     3 |     4 ||     7
       Invisible         |       |       |       |     2 ||     2
Armor: Plate armour      |   107 |   119 |       |       ||   226
       Crystal plate arm |       |    35 |   366 |   518 ||   919
Dodge: Dodged            |    27 |    47 |   221 |   361 ||   656
Block: Buckler           |    35 |    49 |   328 |   498 ||   910
       Reflection        |       |       |     8 |    14 ||    22
